 Dungeon Crawl Stone Soup version 0.28-a0-728-g0181a31188 (webtiles) character file.

Game seed: 4893219346348565002

1792 bkdvsvb the Covert (level 8, -4/36 HPs)
             Began as a Spriggan Enchanter on Oct 28, 2021.
             Slain by an eight-headed hydra (14 damage)
             ... on level 7 of the Dungeon.
             The game lasted 00:17:39 (9468 turns).

bkdvsvb the Covert (Spriggan Enchanter)             Turns: 9468, Time: 00:17:40

Health: -4/36      AC:  2    Str:  6    XL:     8   Next: 82%
Magic:  14/21      EV: 17    Int: 16    God:
Gold:   212        SH:  5    Dex: 16    Spells: 16/24 levels left

rFire   . . .      SeeInvis +   g - +2 dagger (protect)
rCold   . . .      Faith    .   (shield restricted)
rNeg    + . .      Spirit   .   b - +0 robe
rPois   +          Reflect  +   (helmet restricted)
rElec   .          Harm     .   x - +0 cloak
rCorr   .          Rampage  .   (gloves unavailable)
Will    +....                   (boots unavailable)
Stlth   ++++......              f - amulet of reflection
HPRegen 0.12/turn               d - ring of wizardry
MPRegen 0.17/turn               j - ring of positive energy

@: very quick
A: very small, no large weapons, unfitting armour, see invisible, speed 3,
deformed body, mutation resistance 1, poison resistance
a: no special abilities


You were on level 7 of the Dungeon.
You visited 2 branches of the dungeon, and saw 8 of its levels.

You collected 340 gold pieces.
You spent 128 gold pieces at shops.

Inventory:

Hand Weapons
 a - a +1 dagger
 g - a +2 dagger of protection (weapon)
 h - a +0 rapier
 l - a +0 club
Missiles
 k - 23 poisoned darts (quivered)
Armour
 b - a +0 robe (worn)
 x - a +0 cloak (worn)
Jewellery
 d - a ring of wizardry (left hand)
 f - an amulet of reflection (around neck)
 j - a ring of positive energy (right hand)
Wands
 m - a wand of iceblast (14)
 n - a wand of mindburst (11)
 q - a wand of acid (9)
 r - a wand of flame (16)
Scrolls
 o - a scroll of magic mapping
 t - a scroll of summoning
Potions
 c - a potion of invisibility
 e - a potion of attraction
 i - 3 potions of heal wounds
 p - 2 potions of curing
 s - 3 potions of brilliance
 u - a potion of ambrosia
 v - a potion of mutation
 w - a potion of haste


   Skills:
 - Level 1.1 Short Blades
 - Level 2.6 Dodging
 + Level 9.8 Stealth
 + Level 8.8 Spellcasting
 + Level 9.2 Hexes


You had 16 spell levels left.
You knew the following spells:

 Your Spells              Type           Power      Damage    Failure   Level
a - Ensorcelled Hibernat  Hex/Ice        42%        N/A       1%          2
b - Tukima's Dance        Hex            36%        N/A       1%          3
c - Dazzling Flash        Conj/Hex       42%        N/A       1%          3

Your spell library contained the following spells:

 Spells                   Type           Power      Damage    Failure   Level
 Slow                     Hex            36%        N/A       1%          2
 Confusing Touch          Hex            36%        N/A       1%          3
 Magic Dart               Conj           28%        1d4       4%          1
 Pain                     Necr           28%        1d5       4%          1
 Sting                    Tmut/Pois      28%        1d4       4%          1
 Blink                    Tloc           14%        N/A       6%          2
 Call Imp                 Summ           7%         N/A       6%          2
 Poisonous Vapours        Pois/Air       14%        N/A       6%          2
 Mephitic Cloud           Conj/Pois/Air  7%         N/A       12%         3
 Vampiric Draining        Necr           3%         2d6       12%         3
 Iskenderun's Mystic Bla  Conj/Tloc      7%         2d4       38%         4
 Olgreb's Toxic Radiance  Pois           7%         N/A       38%         4
 Agony                    Necr           7%         N/A       71%         5
 Excruciating Wounds      Necr           3%         N/A       71%         5
 Manifold Assault         Tloc           7%         N/A       71%         5
 Starburst                Conj/Fire      3%         6d3       99%         6
 Storm Form               Tmut/Air       3%         N/A       100%        7


Dungeon Overview and Level Annotations

Branches:
Dungeon (7/15)             Temple (1/1) D:5

Altars:
Ashenzari
Elyvilon
Hepliaklqana
Makhleb
Nemelex Xobeh
Okawaru
Qazlal
Sif Muna
Trog
Uskayaw
Vehumet
Xom

Shops:
D:3 *   D:4 [=?   D:6 (


Innate Abilities, Weirdness & Mutations

You are very small and have problems with some larger weapons.
You are too small for most types of armour.
You have supernaturally acute eyesight. (SInv)
You cover ground extremely quickly. (Speed+++)
Armour fits poorly on your strangely shaped body.
You are somewhat resistant to further mutation.
Your system is resistant to poisons. (rPois)


Message History

You start putting on your armour.
You continue putting on your +0 cloak. x4
You finish putting on your +0 cloak.
Unknown command.
There is an open translucent door here.
You see here a +2 vorpal mace.
Things that are here:
a +0 dagger; a +0 chain mail; an orc corpse The eight-headed hydra roars!
Casting: Tukima's Dance (safe; 1% risk of failure)
Confirm with . or Enter, or press ? or * to list all spells.
Aiming: Ensorcelled Hibernation (safe; 1% risk of failure)
Press: ? - help, Shift-Dir - straight line, f - eight-headed hydra
Aim: an eight-headed hydra (chance to affect: 19%)
The eight-headed hydra resists with almost no effort.
Casting: Ensorcelled Hibernation (safe; 1% risk of failure)
Confirm with . or Enter, or press ? or * to list all spells.
Aiming: Ensorcelled Hibernation (safe; 1% risk of failure)
Press: ? - help, Shift-Dir - straight line, f/p - eight-headed hydra
Aim: an eight-headed hydra (chance to affect: 19%)
The eight-headed hydra resists with almost no effort.
You see here 15 stones.
Casting: Ensorcelled Hibernation (safe; 1% risk of failure)
Confirm with . or Enter, or press ? or * to list all spells.
Aiming: Ensorcelled Hibernation (safe; 1% risk of failure)
Press: ? - help, Shift-Dir - straight line, f/p - eight-headed hydra
Aim: an eight-headed hydra (chance to affect: 19%)
The eight-headed hydra resists with almost no effort.
Casting: Ensorcelled Hibernation (safe; 1% risk of failure)
Confirm with . or Enter, or press ? or * to list all spells.
Aiming: Ensorcelled Hibernation (safe; 1% risk of failure)
Press: ? - help, Shift-Dir - straight line, f/p - eight-headed hydra
Aim: an eight-headed hydra (chance to affect: 19%)
The eight-headed hydra resists with almost no effort.
The eight-headed hydra bites you!
The eight-headed hydra barely misses you.
You block the eight-headed hydra's attack.
The eight-headed hydra bites you! x2
* * * LOW HITPOINT WARNING * * *
The eight-headed hydra bites you!
You die...

#...#####.....#.# #.###.#
#......##[#.#.#.###.# #.#
#................##.###<#
#.#.##(##.#.#.#..#.#.##.#
#>#..>.)......#...###..(#
#.####.####.##.....#.####
#. #.# ##.##......##
#.####.###......D...#
#...........##..@..##
#..#......<........# #
.##..###.#####..##
(.#...##.# #..#
##..#.#....# #..#
#...#...#### #...
#.#.#....# ####.
....####.# .# ยง.### #.#


You could see an eight-headed hydra.

Vanquished Creatures
  A steam dragon (D:7)
  2 water moccasins
  A hornet zombie (D:6)
  A centaur (D:6)
  2 phantoms
  A kobold brigand (D:7)
  4 scorpions
  A water moccasin skeleton (D:6)
  A wight (D:6)
  A howler monkey (D:5)
  A bullfrog zombie (D:5)
  A centaur zombie (D:5)
  A hound (D:6)
  A jelly (D:7)
  Crazy Yiuf (D:7)
  2 orc priests (D:3)
  4 bullfrog skeletons
  3 iguanas
  Jessica (D:3)
  A scorpion zombie (D:5)
  A howler monkey zombie (D:6)
  4 gnolls (D:4)
  5 adders
  A shadow imp (D:5)
  2 white imps
  4 dart slugs
  2 worms
  9 orcs
  4 endoplasms
  A giant cockroach (D:2)
  4 goblins
  3 hobgoblins
  11 kobolds
  5 quokkas
  10 ball pythons
  4 bats
  A frilled lizard (D:3)
  3 rats (D:3)
105 creatures vanquished.

Vanquished Creatures (collateral kills)
  A wight (D:7)
1 creature vanquished.

Vanquished Creatures (others)
  3 dancing weapons (D:7)
3 creatures vanquished.

Grand Total: 109 creatures vanquished

Notes
Turn   | Place    | Note
-------+----------+-------------------------------------------
     0 | D:1      | bkdvsvb the Spriggan Enchanter began the quest for the Orb.
     0 | D:1      | Reached XP level 1. HP: 9/9 MP: 5/5
   648 | D:1      | Reached XP level 2. HP: 9/13 MP: 7/7
   980 | D:2      | Learned a level 2 spell: Ensorcelled Hibernation
  1662 | D:2      | You fall into a shaft and drop 2 floors!
  1689 | D:4      | Noticed a scorpion
  1742 | D:4      | Killed a scorpion
  1743 | D:4      | Reached skill level 5 in Hexes
  1743 | D:4      | Reached XP level 3. HP: 10/16 MP: 2/9
  1743 | D:4      | Reached XP level 4. HP: 14/21 MP: 2/11
  1747 | D:4      | Learned a level 3 spell: Tukima's Dance
  1751 | D:4      | Learned a level 3 spell: Dazzling Flash
  1982 | D:3      | Found Dos Zaibb's Assorted Antiques.
  1999 | D:3      | Noticed Jessica
  2003 | D:3      | Killed Jessica
  2024 | D:3      | Bought 2 bubbling green potions for 46 gold pieces
  2042 | D:2      | Found a faded altar of an unknown god.
  2664 | D:3      | Reached skill level 5 in Spellcasting
  2664 | D:3      | Reached XP level 5. HP: 10/24 MP: 7/13
  2670 | D:3      | Found a white marble altar of Elyvilon.
  3764 | D:4      | Reached XP level 6. HP: 28/28 MP: 12/15
  3868 | D:4      | Found Guododgh's Magic Scroll Shop.
  3877 | D:4      | Bought a scroll of identify for 28 gold pieces
  3877 | D:4      | Bought a scroll of identify for 28 gold pieces
  3880 | D:4      | Gained mutation: Armour fits poorly on your strangely
                  | shaped body. [potion of mutation]
  3880 | D:4      | Gained mutation: Your system is resistant to poisons.
                  | (rPois) [potion of mutation]
  3880 | D:4      | Gained mutation: You are somewhat resistant to further
                  | mutation. [potion of mutation]
  3980 | D:4      | Reached skill level 5 in Stealth
  4264 | D:4      | Found Kathryhi's Antique Armour Shop.
  4504 | D:4      | Found Jots's Jewellery Emporium.
  4778 | D:5      | Entered Level 5 of the Dungeon
  4834 | D:3      | Bought a scroll labelled IFAJYUMEILA for 26 gold pieces
  5284 | D:5      | Found a staircase to the Ecumenical Temple.
  5296 | Temple   | Entered the Ecumenical Temple
  5410 | D:5      | Reached XP level 7. HP: 25/32 MP: 17/17
  6659 | D:6      | Reached XP level 8. HP: 27/36 MP: 18/20
  8622 | D:6      | Found Cezom's Weapon Emporium.
  9087 | D:7      | Found a stormy altar of Qazlal.
  9155 | D:7      | Noticed an eight-headed hydra
  9411 | D:7      | Found a runed translucent door.
  9412 | D:7      | Noticed Crazy Yiuf
  9419 | D:7      | Killed Crazy Yiuf
  9468 | D:7      | Slain by an eight-headed hydra

Illustrated notes

Levels and vault maps discovered:
D:1:      onia_arrival_mini_spirals, layout_rooms, minmay_misc_feat_plants
D:2:      layout_loops_ring, shapermc_ecumenical_altar_starsandcircs
D:3:      layout_rooms, lemuel_tele_altar, serial_shops,
          nicolae_shop_statue_plus, minmay_mini_jars, uniq_jessica
D:4:      minmay_door_path, layout_cave_pools, serial_shops, shop,
          nicolae_square_shop, nicolae_lakefront_shop
D:5:      layout_basic, minmay_temple_entry_drinking_statues
D:6:      layout_basic, serial_shops, nicolae_shop_behind_doors
D:7:      layout_loops_ring, mainiacjoe_overflow_brackets, grunt_potential,
          uniq_crazy_yiuf_cottage
Temple:   eino_wide_crystal_templ

Skill      XL: |  1  2  3  4  5  6  7  8 |
---------------+-------------------------+-----
Spellcasting   | 3 4 5 6 7 8 |  8.8
Hexes          | 4 5 6 7 9 |  9.2
Stealth        | 6 7 9 |  9.8
Short Blades   | |  1.1
Dodging        | |  2.6

Action                   |  1- 3 |  4- 6 |  7- 9 || total
-------------------------+-------+-------+-------++-------
Melee: Dagger            |    92 |   223 |   332 ||   647
Throw: Dart              |       |       |     7 ||     7
 Cast: Ensorcelled Hiber |     9 |    29 |    21 ||    59
       Tukima's Dance    |       |     2 |     5 ||     7
       Dazzling Flash    |       |       |     2 ||     2
Evoke: Wand              |       |     1 |       ||     1
  Use: Scroll            |       |    11 |     6 ||    17
       Potion            |       |     1 |       ||     1
 Stab: Sleeping          |     6 |    31 |    17 ||    54
       Invisible         |       |       |     2 ||     2
Armor: Robe              |    16 |    40 |    57 ||   113
Dodge: Dodged            |   103 |   185 |   221 ||   509
Block: Other             |       |       |    55 ||    55

Table legend: (Time is in decaauts)
 A = Elapsed time spent in this place.
 B = Non-inter-level travel time spent in this place.
 C = Inter-level travel time spent in this place.
 D = Time resting spent in this place.
 E = Time spent auto-exploring this place.
 F = Levels seen in this place.
 G = Mean time per level.
                   A        B        C        D        E       F      G
               +--------+--------+--------+--------+--------+-----+--------+
         Total |   7907 |   7704 |    203 |   2741 |   3442 |   8 |  988.4 |
       Dungeon |   7863 |   7674 |    189 |   2741 |   3415 |   7 | 1123.3 |
        Temple |     44 |     31 |     13 |      0 |     26 |   1 |   44.0 |
               +--------+--------+--------+--------+--------+-----+--------+

Top non-repeatable levels by time:
     D:5: 2125 daAuts
     D:2: 1822 daAuts
     D:4: 1277 daAuts
     D:6: 1218 daAuts
     D:3: 701 daAuts
     D:1: 386 daAuts
     D:7: 331 daAuts
  Temple: 44 daAuts
